 Dungeon Crawl Stone Soup version 0.18-a0-867-gfd1cc8f (webtiles) character file.

47 M4edhros the Charlatan (level 3, 0/23 HPs)
             Began as an Octopode Artificer on Dec 21, 2015.
             Killed from afar by an orc wizard (4 damage)
             ... with a magic dart
             ... on level 4 of the Dungeon.
             The game lasted 00:01:28 (706 turns).

M4edhros the Charlatan (Octopode Artificer)          Turns: 706, Time: 00:01:28

Health: 0/23       AC:  1    Str: 15    XL:     3   Next: 70%
Magic:  5/5        EV: 13    Int: 15    God:
Gold:   39         SH:  0    Dex: 12    Spells: 0 memorised, 2 levels left

rFire  . . .     SeeInvis .     k - +0 short sword (venom)
rCold  . . .     Gourm    .     (no shield)
rNeg   . . .     Faith    .     (helmet restricted)
rPois  .         Spirit   .     (no amulet)
rElec  .         Dismiss  .     (no ring)
rCorr  .         Reflect  .     (no ring)
SustAt .         Harm     .     (no ring)
MR     .....                    (no ring)
Stlth  +++.......               (no ring)
                                (no ring)
                                (no ring)
                                (no ring)

@: mighty, not resistant to hostile enchantments, fairly stealthy
A: almost no armour, amphibious, 8 rings, constrict 8, camouflage 1, gelatinous
body 1
a: no special abilities


You were on level 4 of the Dungeon.
You were not hungry.

You visited 1 branch of the dungeon, and saw 4 of its levels.

You collected 39 gold pieces.

Inventory:

Hand Weapons
 k - a +0 short sword of venom (weapon)
Missiles
 j - 29 sling bullets
Wands
 b - a wand of flame (15/48)
 c - a wand of enslavement (13/24)
 d - a wand of random effects (15/48)
Scrolls
 a - 2 scrolls of immolation
Potions
 e - 2 potions of curing
Comestibles
 f - a bread ration
 g - 2 meat rations


   Skills:
 - Level 1.0 Fighting
 - Level 1.0 Short Blades
 * Level 3.0 Dodging
 * Level 3.3 Stealth
 + Level 3.5 Evocations


You had 2 spell levels left.
You didn't know any spells.

Dungeon Overview and Level Annotations

Branches:
Dungeon (4/15)
 Temple: D:4-7

Altars:
Pakellas


Innate Abilities, Weirdness & Mutations

You cannot wear most types of armour.
You are amphibious.
You can wear up to eight rings at the same time.
You can use your tentacles to constrict eight enemies at once.
Your skin changes colour to match your surroundings (Stealth).
Your rubbery body absorbs attacks (AC +1).


Message History

You feel clever.
The orc wizard points at you and mumbles some strange words.
The puff of frost hits you!
* * * LOW HITPOINT WARNING * * *
The orc hits you.
* * * LOW HITPOINT WARNING * * *
The orc closely misses you.
Unknown command.
Evoke which item? (* to show all) (? for menu, Esc to quit)
Zapping:
c - a wand of enslavement (14/24)
Press: ? - help, Shift-Dir - straight line, f - orc
Aim: an orc, wearing a ring mail (chance to defeat MR: 85%)
The orc wizard resists with significant effort.
This wand has 13 charges left.
The orc wizard closely misses you. The orc misses you.
Unknown command.
Unknown command.
The orc wizard gestures at you while chanting.
The magic dart hits you!
You die...

#.#.......#
##.#.......#
..$........#
#.......?.#
#....?....#
#.........##
#..........#
#.....o@...#
#....oo....#
#....O.....#
#..........#
#.#+#..$...#
..
#.#.###### .
#.#.# #.#.#
#.#.#


You could see an ogre, an orc wizard and 2 orcs.

Vanquished Creatures
  An orc wizard (D:4)
  3 giant cockroaches
  3 hobgoblins
  2 quokkas
  A bat (D:2)
  4 giant geckos
  3 goblins
  2 kobolds (D:3)
19 creatures vanquished.

Vanquished Creatures (collateral kills)
  A kobold (D:3)
1 creature vanquished.

Grand Total: 20 creatures vanquished

Notes
Turn   | Place    | Note
--------------------------------------------------------------
     0 | D:1      | M4edhros the Octopode Artificer began the quest for the Orb.
     0 | D:1      | Reached XP level 1. HP: 13/13 MP: 3/3
   239 | D:1      | You fall through a shaft!
   250 | D:2      | Reached XP level 2. HP: 9/18 MP: 4/4
   353 | D:3      | Found an oddly glowing altar of Pakellas.
   702 | D:4      | Noticed an ogre
   704 | D:4      | Reached XP level 3. HP: 12/23 MP: 5/5
   706 | D:4      | Killed from afar by an orc wizard

Vault maps used:
D:1:      dpeg_arrival_long_road
D:2:      grunt_temple_overflow_open
D:3:      overflow_temple_1_default
D:4:      portal_sewer_entry_e, serial_shops, shop, first_bread

Action                   || total
-------------------------++-------
Melee: Short sword       ||    44
Evoke: Wand              ||     2
  Use: Scroll            ||     4
       Potion            ||     2
 Stab: Sleeping          ||     5
